Map: Dusk Towers

Players

Krupa

  • Race: Terran Terran
  • League: Gold

lesha

  • Race: Terran Terran
  • League: Gold

VOD

Have the link to the VOD?

Description

Time

  • Played on: Jan. 9, 2016, 12:22 a.m.
  • Length: 8:05
Show
View Real Time Build Order
Export as new Build Order

Krupa Terran 

Build Orders:  

Get SALT Encoding   

  12  0:02  SCV  
  13  0:14  SCV  
  14  0:18  Supply Depot  
  14  0:26  SCV  
  15  0:31  Refinery  
  15  0:39  SCV  
  16  0:46  Barracks  
  16  0:51  SCV  
  17  0:59  Refinery  
  17  1:03  SCV  
  18  1:16  SCV  
  19  1:28  SCV  
  20  1:34  Factory  
  20  1:35  Supply Depot  
  20  1:44  Orbital Command  
  20  1:48  Reaper  
  21  2:12  SCV, Barracks  
  22  2:18  Armory  
  22  2:23  Factory Tech Lab  
  22  2:24  SCV  
  23  2:35  Barracks Tech Lab  
  23  2:44  SCV  
  22  2:56  SCV  
  23  3:01  Siege Tank  
  23  3:03  Marauder  
  28  3:08  SCV  
  29  3:17  Barracks Tech Lab  
  29  3:20  SCV  
  29  3:23  Supply Depot  
  30  3:27  Starport  
  30  3:32  SCV  
  31  3:45  Marauder  
  33  3:54  Thor  
  39  4:03  Supply Depot  
  39  4:06  Supply Depot  
  39  4:24  SCV, Medivac  
  39  4:25  Marauder x2  
  39  4:26  Supply Depot  
  46  4:36  SCV  
  47  4:48  Marauder  
  47  4:49  Marauder  
  47  4:50  Supply Depot  
  51  4:54  Medivac  
  53  5:08  Marine  
  53  5:10  Marauder  
  53  5:11  SCV, Liberator  
  57  5:21  Command Center  
  57  5:23  SCV  
  57  5:26  Marine  
  59  5:35  SCV  
  63  5:46  Refinery  
  63  5:47  SCV  
  64  5:51  Concussive Shells  
  64  5:58  Siege Tank  
  64  5:59  SCV  
  68  6:11  SCV  
  68  6:23  SCV  
Show
View Real Time Build Order
Export as new Build Order

lesha Terran 

Build Orders: Reaper Expand 

Get SALT Encoding   

  12  0:01  SCV  
  13  0:13  SCV  
  14  0:17  Supply Depot  
  14  0:25  SCV  
  15  0:39  SCV  
  15  0:41  Barracks  
  16  0:47  Refinery  
  16  0:51  SCV  
  17  1:03  SCV  
  18  1:15  SCV  
  19  1:28  Orbital Command  
  19  1:30  Reaper  
  20  1:41  Command Center  
  20  1:53  Supply Depot  
  20  1:56  Refinery  
  20  1:57  SCV  
  21  2:03  Barracks Reactor  
  21  2:15  SCV  
  22  2:16  Barracks  
  22  2:27  SCV, Factory  
  23  2:39  SCV  
  24  2:47  Marine x2  
  27  2:51  SCV  
  27  3:03  Orbital Command  
  27  3:04  SCV  
  28  3:11  Barracks Reactor  
  28  3:15  Factory Reactor  
  28  3:16  SCV  
  29  3:25  Starport  
  29  3:27  Barracks  
  29  3:28  SCV  
  29  3:29  SCV  
  29  3:32  Marine x2  
  33  3:40  SCV  
  34  3:45  SCV  
  35  3:49  Marine x2  
  35  3:50  Marine  
  35  3:52  SCV  
  35  3:55  Supply Depot  
  39  3:57  SCV, Supply Depot  
  39  3:58  Engineering Bay  
  40  4:02  Marine  
  40  4:04  SCV  
  40  4:07  Marine  
  40  4:09  SCV  
  43  4:15  Marine  
  43  4:16  Barracks Tech Lab  
  43  4:17  SCV  
  45  4:21  SCV  
  46  4:24  Marine x2  
  46  4:27  Terran Infantry Weapons Level 1  
  48  4:33  Factory Tech Lab, Missile Turret, SCV x2  
  50  4:41  Missile Turret  
  50  4:42  Refinery  
  50  4:44  Marine x3  
  50  4:45  SCV x2, Refinery  
  55  4:51  Stimpack  
  55  5:00  SCV x2  
  55  5:02  Marine x3  
  55  5:06  Medivac  
  62  5:16  Medivac  
  64  5:21  Supply Depot  
  64  5:23  Marine x3  
  64  5:24  Marine x2  
  64  5:25  Supply Depot  
  64  5:27  Supply Depot  
  69  5:41  Marine  
  70  5:43  Siege Tank  
  73  5:53  Marine x3  
  73  5:54  Marauder  
  73  5:55  Medivac  
  80  6:04  Command Center  
  80  6:05  SCV x2  
  82  6:16  Barracks  
  82  6:17  Barracks  
  82  6:18  Barracks  
  75  6:29  Marine  
  75  6:30  Marine x2  
  59  7:32  Command Center  
  54  7:42  Command Center  
Tags
 
Add a new tag
Caveats
  • Supply blocks, unpowered buildings, or Contaminate may cause inaccurate times.
  • Supply counts are checked every 10 seconds.